 Dungeon Crawl Stone Soup version 0.30-a0-322-g102857c98e (webtiles) character file.

Game seed: 10181327321472332805

1845 p00ps00p the Fighter (level 9, -3/94 HPs)
             Began as a Hill Orc Fighter on Oct 28, 2022.
             Was an Initiate of Beogh.
             Killed by divine providence
             ... invoked by an orc priest
              (12 damage)
             ... on level 7 of the Dungeon.
             The game lasted 00:13:37 (4950 turns).

p00ps00p the Fighter (Hill Orc Fighter)             Turns: 4950, Time: 00:13:39

Health: -3/94      AC:  8    Str: 23    XL:     9   Next: 12%
Magic:  9/9        EV: 14    Int:  8    God:    Beogh [......]
Gold:   129        SH:  4    Dex: 10    Spells: 8/8 levels left

rFire   . . .      SeeInvis .    k - +2 hand axe (vorpal)
rCold   . . .      Faith    .    c - +0 buckler
rNeg    . . .      Spirit   .    E - +2 steam dragon scales
rPois   +          Reflect  .    (no helmet)
rElec   .          Harm     .    (no cloak)
rCorr   .          Rampage  .    B - +0 pair of gloves
Will    .....                    (no boots)
Stlth   +.........               (no amulet)
HPRegen 0.35/turn                s - ring of poison resistance
MPRegen 0.11/turn                D - +4 ring of evasion

@: no status effects
A: no striking features
a: Renounce Religion


You were on level 7 of the Dungeon.
You worshipped Beogh.
Beogh was noncommittal.
You visited 1 branch of the dungeon, and saw 7 of its levels.

You collected 225 gold pieces.
You spent 96 gold pieces at shops.

Inventory:

Hand Weapons
 a - a +0 war axe
 k - a +2 vorpal hand axe (weapon)
Missiles
 x - 17 poisoned darts (quivered)
Armour
 b - a +0 scale mail
 c - a +0 buckler (worn)
 B - a +0 pair of gloves (worn)
 E - +2 steam dragon scales (worn)
Jewellery
 j - a ring of fire
 s - a ring of poison resistance (left hand)
 D - a +4 ring of evasion (right hand)
 F - a +6 ring of intelligence
Wands
 y - a wand of flame (18)
 A - a wand of mindburst (8)
Scrolls
 e - 3 scrolls of summoning
 g - a scroll of fog {unknown}
 h - a scroll of vulnerability {unknown}
 i - a scroll of torment {unknown}
 m - 2 scrolls of noise {unknown}
 r - 3 scrolls of enchant armour {unknown}
 t - a scroll of immolation {unknown}
 u - 2 scrolls of amnesia {unknown}
 w - a scroll of identify
 z - 2 scrolls of magic mapping
 C - a scroll of silence {unknown}
Potions
 d - 2 potions of might
 f - a potion of ambrosia
 l - 2 potions of brilliance
 n - a potion of resistance {unknown}
 o - 2 potions of cancellation {unknown}
 p - 2 potions of haste {unknown}
 q - 2 potions of curing
 v - a potion of flight {unknown}
 G - a potion of magic {unknown}


   Skills:
 + Level 13.9 Fighting
 - Level 2.8 Axes
 - Level 3.4 Armour
 - Level 3.3 Shields


You had 8 spell levels left.
You didn't know any spells.
Your spell library contained the following spells:

 Spells                   Type           Power      Damage    Failure   Level
 Blink                    Tloc           0%         N/A       65%         2
 Sublimation of Blood     Necr           0%         N/A       65%         2
 Wereblood                Tmut           0%         N/A       65%         2
 Manifold Assault         Tloc           0%         N/A       99%         4
 Storm Form               Tmut/Air       0%         N/A       100%        7
 Summon Hydra             Summ           0%         N/A       100%        7


Dungeon Overview and Level Annotations

Branches:
Dungeon (7/15)
 Temple: D:4-7

Altars:
Ashenzari
Fedhas
Makhleb
Nemelex Xobeh
Okawaru
Qazlal
Sif Muna
Trog
Uskayaw
Vehumet
Wu Jian
Xom
Yredelemnul

Shops:
D:1 (([   D:6 !


Message History

The orc warrior hits you with a +0 short sword!
* * * LOW HITPOINT WARNING * * *
You barely miss the orc warrior.
The orc warrior is heavily wounded.
A black bear comes into view.
The orc priest mumbles some strange prayers to Beogh against you.
Beogh smites you!
* * * LOW HITPOINT WARNING * * *
The orc warrior hits you with a +0 short sword.
* * * LOW HITPOINT WARNING * * *
You are confused.
You feel invigorated.
The black bear growls angrily.
You hear a shout!
The orc priest looks satisfied for a moment.
The orc warrior hits you with a +0 short sword.
* * * LOW HITPOINT WARNING * * *
2 orcs come into view.
You see here 2 potions of curing.
You are too confused!
The black bear attacks as you move away!
The black bear bites you.
* * * LOW HITPOINT WARNING * * *
The black bear claws you but does no damage.
The black bear barely misses you.
You feel less invigorated.
You feel less confused. The orc warrior completely misses you.
The orc warrior attacks as you move away!
The orc warrior hits you with a +0 short sword.
* * * LOW HITPOINT WARNING * * *
The black bear misses you. The black bear barely misses you.
The black bear claws you but does no damage.
The black bear attacks as you move away!
The black bear bites you.
* * * LOW HITPOINT WARNING * * *
The black bear claws you but does no damage.
The black bear completely misses you.
The orc priest invokes the aid of Beogh against you.
Beogh smites you!
You die...
Beogh appreciates the orc priest's killing of a heretic priest.

##<## ... #...# ####.#
#.♣.# ...#.# #...# #..#o#
##.)## #..#o#
######.#####<##.##
##...##...##..#..)#####...
#>.♣..'.♣.##.#..8!h.ooo.8.
##...##......##@ho#####...
######....#####.##
##..##### #.# #...# ###
#.♣.# #...# ##<## ###


You could see an orc warrior, 2 black bears, 2 orc priests and 3 orcs.

Vanquished Creatures
  Maggie (D:6)
  The ghost of drewk1942 the Chiller, an amateur HuIE of Sif Muna (D:4)
  A water moccasin (D:6)
  A sky beast (D:7)
  A black bear (D:6)
  2 ice beasts (D:5)
  2 ogres (D:6)
  A kobold brigand (D:7)
  2 necrophages
  2 scorpions
  2 howler monkeys (D:7)
  3 hounds
  4 iguanas
  An orc wizard (D:3)
  4 gnolls (D:4)
  4 adders
  2 shadow imps
  A white imp (D:5)
  An ufetubus (D:5)
  A worm (D:3)
  2 dart slugs
  12 orcs
  6 ball pythons
  3 bats
  5 endoplasms
  5 giant cockroaches
  7 goblins
  9 hobgoblins
  3 jackals
  11 kobolds
  3 frilled lizards
  4 rats
107 creatures vanquished.

Vanquished Creatures (others)
  A wizard (D:5)
1 creature vanquished.

Grand Total: 108 creatures vanquished

Notes
Turn   | Place    | Note
-------+----------+-------------------------------------------
     0 | D:1      | p00ps00p the Hill Orc Fighter began the quest for the Orb.
     0 | D:1      | Reached XP level 1. HP: 19/19 MP: 1/1
   114 | D:1      | Reached skill level 4 in Fighting
   114 | D:1      | Reached XP level 2. HP: 24/27 MP: 2/2
   117 | D:1      | Found Iwo Affes's Weapon Shop.
   226 | D:1      | Found Zuohehia's Weapon Shoppe.
   570 | D:1      | Reached XP level 3. HP: 34/34 MP: 3/3
   679 | D:1      | Found Effaol's Armour Shop.
   843 | D:2      | Reached skill level 5 in Fighting
  1409 | D:3      | Reached XP level 4. HP: 25/42 MP: 4/4
  1556 | D:3      | Reached skill level 6 in Fighting
  1848 | D:3      | Reached XP level 5. HP: 39/51 MP: 5/5
  2158 | D:4      | Reached skill level 7 in Fighting
  2341 | D:4      | Reached XP level 6. HP: 46/61 MP: 6/6
  2349 | D:4      | Reached skill level 8 in Fighting
  2465 | D:4      | Found a radiant altar of Vehumet.
  2559 | D:4      | Noticed an air elemental
  2561 | D:4      | Found a stormy altar of Qazlal.
  2563 | D:4      | Noticed a fire elemental
  2563 | D:4      | Noticed a water elemental
  2668 | D:4      | Found a runed translucent door.
  2668 | D:4      | Noticed drewk1942's ghost (amateur HuIE)
  2678 | D:4      | Killed drewk1942's ghost
  2777 | D:5      | Entered Level 5 of the Dungeon
  2807 | D:5      | Reached skill level 9 in Fighting
  2807 | D:5      | Reached XP level 7. HP: 68/70 MP: 7/7
  2930 | D:5      | Reached skill level 10 in Fighting
  3087 | D:5      | Found an ornate altar of the Wu Jian Council.
  3284 | D:5      | Found a bloodstained altar of Trog.
  3286 | D:5      | Noticed a wizard
  3291 | D:5      | Killed a wizard
  3499 | D:5      | Found a basalt altar of Yredelemnul.
  3500 | D:5      | Found a shimmering blue altar of Sif Muna.
  3505 | D:5      | Found a broken altar of Ashenzari.
  3506 | D:5      | Found a hide-covered altar of Uskayaw.
  3509 | D:5      | Found a burning altar of Makhleb.
  3510 | D:5      | Found a blossoming altar of Fedhas.
  3511 | D:5      | Found a shimmering altar of Xom.
  3514 | D:5      | Found an iron altar of Okawaru.
  3517 | D:5      | Found a sparkling altar of Nemelex Xobeh.
  3584 | D:6      | Found Efitutol's Distillery.
  3594 | D:6      | Reached skill level 11 in Fighting
  3594 | D:6      | Reached XP level 8. HP: 73/82 MP: 8/8
  3713 | D:6      | Bought a potion of heal wounds for 60 gold pieces
  3713 | D:6      | Bought a potion of curing for 36 gold pieces
  3736 | D:6      | Noticed Maggie
  3761 | D:6      | Killed Maggie
  4005 | D:6      | Became a worshipper of Beogh the Brigand
  4020 | D:6      | Reached skill level 12 in Fighting
  4533 | D:6      | Reached skill level 13 in Fighting
  4772 | D:7      | Reached XP level 9. HP: 61/93 MP: 9/9
  4950 | D:7      | Killed from afar by an orc priest

Illustrated notes

Levels and vault maps discovered:
D:1:      dpeg_arrival_pits, layout_basic, serial_shops, shop,
          nicolae_square_shop, nicolae_shop_waterfront, minmay_pentomino_x2
D:2:      layout_basic, wander_ebering_terrifying_dragon_lair
D:3:      layout_basic
D:4:      layout_cave_pools, nicolae_vehumet_altar_sigil,
          nicolae_qazlal_style_of_elements, gammafunk_ghost_grave
D:5:      layout_basic, nicolae_overflow_hallway_of_the_gods,
          mainiacjoe_overflow_concentric_impassable, trog_wizard, minmay_bent
D:6:      layout_cave_pools, serial_shops, nicolae_shop_stone,
          chequers_serial_rivers_large_b, nicolae_elevator_lobby_asterisk,
          uniq_maggie
D:7:      layout_loops_ring, minmay_temple_entry_purple_smoke,
          grunt_ministairs_4, minmay_misc_feat_tower,
          minmay_misc_feat_four_crosses

Skill      XL: |  1  2  3  4  5  6  7  8 |
---------------+-------------------------+-----
Fighting       | 4 5 6 7 9 11 13 | 13.9
Axes           | |  2.8
Armour         | |  3.4
Shields        | |  3.3

Action                   |  1- 3 |  4- 6 |  7- 9 || total
-------------------------+-------+-------+-------++-------
Melee: War axe           |    67 |       |       ||    67
       Hand axe          |    28 |   116 |   207 ||   351
Invok: Convert to Beogh  |       |       |     1 ||     1
  Use: Scroll            |     1 |     2 |     1 ||     4
       Potion            |       |       |     2 ||     2
Armor: Scale mail        |    46 |    50 |    23 ||   119
       Steam dragon scal |       |       |    42 ||    42
Dodge: Dodged            |    54 |    46 |   103 ||   203
Block: Buckler           |    27 |    30 |    43 ||   100

Table legend: (Time is in decaauts)
 A = Elapsed time spent in this place.
 B = Non-inter-level travel time spent in this place.
 C = Inter-level travel time spent in this place.
 D = Time resting spent in this place.
 E = Time spent auto-exploring this place.
 F = Levels seen in this place.
 G = Mean time per level.
                   A        B        C        D        E       F      G
               +--------+--------+--------+--------+--------+-----+--------+
         Total |   5071 |   4950 |    121 |    358 |   3332 |   7 |  724.4 |
       Dungeon |   5071 |   4950 |    121 |    358 |   3332 |   7 |  724.4 |
               +--------+--------+--------+--------+--------+-----+--------+

Top non-repeatable levels by time:
     D:6: 1195 daAuts
     D:5: 795 daAuts
     D:3: 756 daAuts
     D:1: 755 daAuts
     D:2: 666 daAuts
     D:4: 650 daAuts
     D:7: 252 daAuts
